 Dungeon Crawl Stone Soup version 0.30.0-15-g856e2d3f33 (webtiles) character file.

Game seed: 10747465755053124367

110 avis the Sneak (level 4, -1/23 HPs)
             Began as a Vine Stalker Brigand on May 18, 2023.
             Succumbed to a scorpion's poison
             ... on level 4 of the Dungeon.
             The game lasted 00:11:58 (2547 turns).

avis the Sneak (Vine Stalker Brigand)               Turns: 2547, Time: 00:11:58

Health: -1/23      AC:  3    Str: 16    XL:     4   Next: 91%
Magic:  5/5        EV: 11    Int: 11    God:
Gold:   149        SH:  0    Dex: 15    Spells: 0/3 levels left

rFire   . . .        a - +2 dagger
rCold   . . .        (no shield)
rNeg    . . .        t - +0 robe
rPois   .            (no helmet)
rElec   .            f - scarf {shadows}
rCorr   .            h - +0 pair of gloves
SInv    .            (no boots)
Will    .....        (no amulet)
Stlth   +++          (no ring)
HPRegen 1.03/turn    (no ring)
MPRegen 0.09/turn

%: guardian spirit
@: lethally poisoned (-1 -> -5)
A: fangs 2, regeneration 1, magic shield, antimagic bite, no potion heal 2
a: no special abilities


You were on level 4 of the Dungeon.
You visited 1 branch of the dungeon, and saw 4 of its levels.

You collected 149 gold pieces.

Inventory:

Hand Weapons
 a - a +2 dagger (weapon)
 b - a +0 shortbow
 j - a +0 long sword
Missiles
 d - 15 poisoned darts (quivered)
 e - 3 curare-tipped darts
Armour
 c - a +0 cloak
 f - a scarf of shadows (worn)
 g - a +0 chain mail
 h - a +0 pair of gloves (worn)
 t - a +0 robe (worn)
Magical Staves
 x - a staff of fire
Wands
 v - a wand of polymorph (6)
Scrolls
 i - a scroll of torment {unknown}
 l - a scroll of identify {unknown}
 n - 3 scrolls of noise {unknown}
 p - 2 scrolls of magic mapping {unknown}
 r - a scroll of teleportation {unknown}
 s - a scroll of amnesia {unknown}
 w - a scroll of immolation {unknown}
Potions
 k - 2 potions of heal wounds {unknown}
 m - 2 potions of ambrosia
 o - a potion of attraction {unknown}
 q - 2 potions of lignification {unknown}
 u - a potion of might {unknown}


   Skills:
 - Level 1.7 Fighting
 * Level 3.8 Short Blades
 - Level 1.7 Throwing
 - Level 0.7 Dodging
 + Level 5.9 Stealth
 + Level 0.0 Air Magic


You couldn't memorise any spells.
You knew the following spells:

 Your Spells              Type           Power      Damage    Failure   Level
h - Vhi's Electric Charg  Tloc/Air       0%         N/A       71%         3

Your spell library contained the following spells:

 Spells                   Type           Power      Damage    Failure   Level
 Foxfire                  Conj/Fire      0%         2x1d4     34%         1
 Arcjolt                  Conj/Air       0%         1d10      100%        5
 Fireball                 Conj/Fire      0%         3d3       100%        5
 Plasma Beam              Fire/Air       0%         2x1d11    100%        6
 Starburst                Conj/Fire      0%         6d3       100%        6


Dungeon Overview and Level Annotations

Branches:
Dungeon (4/15)
 Temple: D:4-7

Altars:
Ashenzari

Annotations:
D:2 1 runed translucent door, exclusion: door, Crazy Yiuf


Innate Abilities, Weirdness & Mutations

You have extremely sharp teeth.
Your natural rate of healing is unusually fast.
When hurt, damage is shared between your health and your magic reserves.
Your bite disrupts and absorbs the magic of your enemies.
Potions cannot restore your health.


Message History

The scorpion is severely wounded.
You feel sick.
You hit the scorpion.
You bite the scorpion, but do no damage.
The scorpion is severely wounded.
You feel sick. The scorpion stings you.
* * * LOW HITPOINT WARNING * * *
Okay, then.
You barely miss the scorpion.
You bite the scorpion, but do no damage.
The scorpion is severely wounded.
* * * LOW HITPOINT WARNING * * *
You feel sick. The scorpion closely misses you.
It was a potion of ambrosia.
You are confused.
Your system rejects the healing.
You feel invigorated.
* * * LOW HITPOINT WARNING * * *
You feel sick. The scorpion completely misses you.
The scorpion barely misses you.
You're too confused to move!
You feel sick.
The scorpion stings you but does no damage.
You're too confused to move!
You feel sick. The scorpion misses you.
You hit the scorpion but do no damage.
You bite the scorpion, but do no damage.
The scorpion is severely wounded.
You feel sick. The scorpion stings you.
You hit the scorpion. Your bite misses the scorpion.
The scorpion is almost dead.
You feel sick. The scorpion closely misses you.
The scorpion attacks as you move away! The scorpion barely misses you.
You feel sick.
You see here a +0 leather armour.
You're too confused to move!
You feel sick.
You are no longer poisoned.
The scorpion stings you.
You are lethally poisoned!
The scorpion poisons you!
You feel less invigorated.
You feel less confused.
You die...

## ..# #.# ########
## #.#######......#
..###<#.......####.#
..........##### #.#
#####....#.# #.#
......s[.#.# #.#
.####..@##.# #.#
##.....# #.# ####..#
#.# #. ..########.#
#. ..........# #.
########..# #. #..#
#. #..###. #......


You could see a scorpion.

Vanquished Creatures
  Natasha (D:2)
  3 adders (D:3)
  2 worms (D:3)
  3 dart slugs (D:3)
  An orc (D:3)
  2 endoplasms
  2 giant cockroaches
  3 hobgoblins
  4 jackals (D:3)
  A quokka (D:3)
  4 ball pythons (D:1)
  3 bats
  A frilled lizard (D:1)
  7 goblins
  4 kobolds (D:1)
  6 rats
47 creatures vanquished.

Notes
Turn   | Place    | Note
-------+----------+-------------------------------------------
     0 | D:1      | avis the Vine Stalker Brigand began the quest for the Orb.
     0 | D:1      | Reached XP level 1. HP: 11/11 MP: 2/2
    65 | D:1      | Found a faded altar of an unknown god.
   195 | D:1      | Reached skill level 5 in Stealth
   208 | D:1      | Reached XP level 2. HP: 15/15 MP: 3/3
  1113 | D:2      | Found a broken altar of Ashenzari.
  1158 | D:2      | Reached XP level 3. HP: 18/18 MP: 4/4
  1366 | D:2      | Noticed Natasha
  1376 | D:2      | Killed Natasha
  1512 | D:2      | Found a runed translucent door.
  1513 | D:2      | Noticed Crazy Yiuf
  1715 | D:3      | Gained mutation: Your natural rate of healing is unusually
                  | fast. [Vine Stalker growth]
  1715 | D:3      | Reached XP level 4. HP: 21/23 MP: 5/5
  2480 | D:4      | Learned a level 3 spell: Vhi's Electric Charge
  2523 | D:4      | Noticed a scorpion
  2540 | D:4      | HP: 1/23 [poisoned by a scorpion]
  2545 | D:4      | HP: 1/23 [poisoned by a scorpion]
  2547 | D:4      | Succumbed to a scorpion's poison

Illustrated notes

Levels and vault maps discovered:
D:1:      wander_arrival_estate, layout_basic, shapermc_ecumenical_altar_ellora
D:2:      layout_loops_ring, basic_altar, serial_bayou_lagoon_b, uniq_natasha,
          uniq_crazy_yiuf_cottage
D:3:      layout_loops_ring
D:4:      layout_loops_ring

Skill      XL: |  1  2  3 |
---------------+----------+-----
Short Blades   | 2 3 |  3.8
Stealth        | 5 |  5.9
Fighting       | |  1.7
Throwing       | |  1.7
Dodging        | |  0.7

Action                     |  1- 3 |  4- 6 || total
---------------------------+-------+-------++-------
  Melee: Dagger            |    77 |    65 ||   142
         Bite              |    17 |    24 ||    41
         Punch             |     1 |       ||     1
    Use: Potion            |       |     1 ||     1
   Stab: Sleeping          |     8 |     5 ||    13
 Armour: Robe              |    14 |     8 ||    22
  Dodge: Dodged            |    44 |    32 ||    76
